Influenza vs Punishers
Created - 29 novembre 2012 at 19:11
Goals
|
| Influenza |
1 |
3 |
2 |
6 |
| Punishers |
0 |
2 |
1 |
3 |
|
Shots
|
| Influenza |
13 |
21 |
6 |
40 |
| Punishers |
8 |
12 |
13 |
33 |
|
1st period
1. Influenza , Cody McCormick 2 (Carl Gunnarsson, Colton Orr) at 10:04
Penalties :
Adam Pineault (Pro) for Holding (Minor) at 7:07, Lasse Kukkonen (VJB) for Holding Stick (Minor) at 7:07, Mike Weber (Pro) for Roughing (Minor) at 14:32
2nd period
2. Punishers , Dave Bolland 3 (Mike Grier) at 0:04
3. Influenza , Ryan Carter 4 (Justin Abdelkader, Martins Karsums) at 2:49 (PP)
4. Punishers , Ryan White 2 (Jassen Cullimore, Kris Chucko) at 9:46
5. Influenza , Ryan Vesce 1 (Lasse Kukkonen, Justin Abdelkader) at 11:09 (PP)
6. Influenza , Justin Abdelkader 6 (Ryan Carter, Lasse Kukkonen) at 15:28 (PP)
Penalties :
Petteri Nokelainen (Pro) for Hooking (Minor) at 2:43, Chris Conner (Pro) for Hooking (Minor) at 10:27, Kirk Maltby (Pro) for Hooking (Minor) at 14:50, Mike Weber (Pro) for Hooking (Minor) at 18:23
3rd period
7. Punishers , Mike Weber 1 (Mike Grier, Jassen Cullimore) at 0:39
8. Influenza , Ryan Carter 5 (Jamie McBain) at 8:58
9. Influenza , Martins Karsums 4 (Lasse Kukkonen, Justin Abdelkader) at 10:58
Penalties :
Jimmie Olvestad (Pro) for Holding Stick (Minor) at 2:13, Colton Orr (VJB) for Tripping (Minor) at 15:48
Goalie Stats
Alex Stalock (VJB), 30 saves from 33 shots - (0,909), W, 1-1-1, 60:00 minutes
Curtis McElhinney (Pro), 34 saves from 40 shots - (0,850), L, 1-2-0, 60:00 minutes
Players Stats for Influenza
Player Name G A P +/- PIM S H SB GA TA FO MP PP MP PK MP
------------------------------------------------------------------------------------
Alexander Sulzer 0 0 0 0 0 2 2 0 0 2 0/0 13:35 0:14 0:39
Carl Gunnarsson 0 1 1 0 0 0 0 2 0 1 0/0 12:17 0:00 0:00
Cody McCormick 1 0 1 1 0 1 0 0 2 1 2/3 12:02 0:07 0:44
Colton Orr 0 1 1 1 2 3 3 0 0 0 0/0 10:52 0:10 0:00
Corey Tropp 0 0 0 -1 0 0 2 0 1 0 0/0 8:15 0:00 0:00
Jaime Sifers 0 0 0 0 0 1 0 1 0 1 0/0 20:02 2:15 0:39
Jamie McBain 0 1 1 1 0 1 1 1 0 0 0/0 21:14 2:15 0:00
Juraj Mikus 0 0 0 -1 0 3 0 0 1 0 1/1 8:22 0:00 0:07
Justin Abdelkader 1 3 4 0 0 4 2 1 0 0 0/0 21:42 4:38 0:37
Lasse Kukkonen 0 3 3 0 2 4 1 1 0 1 0/0 26:39 4:54 1:20
Martins Karsums 1 1 2 0 0 5 0 3 0 0 2/3 21:58 4:38 0:00
Pierre-Cédric Labrie 0 0 0 1 0 2 1 0 0 0 0/0 10:36 0:00 0:08
Rob Schremp 0 0 0 0 0 2 0 0 2 0 6/12 17:38 2:38 1:08
Robbie Earl 0 0 0 0 0 1 3 0 0 0 1/1 17:38 2:38 1:08
Ryan Carter 2 1 3 0 0 7 1 0 2 0 23/45 21:58 4:38 0:00
Ryan Russell 0 0 0 -1 0 0 0 0 0 1 0/0 8:43 0:07 0:06
Ryan Vesce 1 0 1 0 0 3 2 0 0 0 0/0 15:48 2:35 0:00
Tim Gleason 0 0 0 -1 0 1 0 0 0 0 0/0 26:41 5:08 1:20
Players Stats for Punishers
Player Name G A P +/- PIM S H SB GA TA FO MP PP MP PK MP
------------------------------------------------------------------------------------
Adam McQuaid 0 0 0 0 0 1 1 2 0 0 0/0 12:30 0:00 0:00
Adam Pineault 0 0 0 -1 2 2 1 0 0 0 0/0 10:35 0:00 0:00
Alyn McCauley 0 0 0 0 0 3 3 0 1 0 6/9 16:19 0:49 2:03
Chris Conner 0 0 0 0 2 3 0 0 0 0 0/0 12:59 0:49 0:00
Dave Bolland 1 0 1 -1 0 4 0 0 0 0 16/33 17:52 1:10 0:00
Jassen Cullimore 0 2 2 1 0 0 3 5 1 1 0/0 29:30 1:18 4:57
Jean-Luc Grand-Pierre 0 0 0 -1 0 2 1 5 0 2 0/0 18:00 0:41 2:26
Jimmie Olvestad 0 0 0 -1 2 1 0 0 1 0 0/0 11:49 0:00 1:05
Kirk Maltby 0 0 0 1 2 1 1 0 0 0 0/1 17:07 0:49 3:50
Kris Chucko 0 1 1 1 0 1 1 0 1 0 0/0 10:07 0:00 0:29
Marc-André Bergeron 0 0 0 -1 0 2 2 1 0 0 0/0 19:00 1:18 2:26
Mark Fraser 0 0 0 1 0 0 1 1 0 2 0/0 24:30 0:41 4:57
Mike Blunden 0 0 0 1 0 1 0 0 0 0 0/0 9:38 0:00 0:00
Mike Grier 0 2 2 0 0 4 2 0 1 0 5/12 22:38 1:10 4:40
Mike Weber 1 0 1 1 4 1 1 0 1 1 0/0 13:00 0:00 0:00
Petteri Nokelainen 0 0 0 -1 2 3 1 0 0 2 1/5 13:38 0:00 2:39
Ryan White 1 0 1 1 0 1 2 0 0 0 1/3 9:38 0:00 0:00
Stu Bickel 0 0 0 0 0 0 0 0 0 0 0/0 4:00 0:00 0:00
Viktor Stalberg 0 0 0 -1 0 3 1 1 1 0 1/2 17:41 1:10 0:00
3 Stars
1 - Justin Abdelkader (VJB)
2 - Ryan Carter (VJB)
3 - Jassen Cullimore (Pro)
Power Play
Influenza - 3 on 6 Attempt(s) - 50,00%
Punishers - 0 on 1 Attempt(s) - 0,00%
Penalty Kill
Influenza - 1 on 1 Attempt(s) - 100,00%
- Score 0 goal in Penalty Kill
Punishers - 3 on 6 Attempt(s) - 50,00%
- Score 0 goal in Penalty Kill
Official
Referees : Hasenfratz Mike and Morton Dean
Linesman : Scott Driscoll and Steve Miller
Game Notes
No Game Note
Influenza
5 vs 5 Forward
Center Left Wing Right Wing Time % Phy DF OF
1 Ryan Carter Justin Abdelkader Martins Karsums 40 0 2 2
2 Rob Schremp Robbie Earl Ryan Vesce 30 1 2 2
3 Cody McCormick Pierre-Cédric Labrie Colton Orr 20 1 2 2
4 Juraj Mikus Ryan Russell Corey Tropp 10 1 2 2
5 vs 5 Defense
Defense Defense Time % Phy DF OF
1 Lasse Kukkonen Jamie McBain 40 1 2 2
2 Jaime Sifers Tim Gleason 30 1 2 2
3 Alexander Sulzer Carl Gunnarsson 20 1 2 2
4 Lasse Kukkonen Tim Gleason 10 1 2 2
PowerPlay Forward
Center Left Wing Right Wing Time % Phy DF OF
1 Ryan Carter Justin Abdelkader Martins Karsums 60 1 2 2
2 Rob Schremp Robbie Earl Ryan Vesce 40 1 2 2
PowerPlay Defense
Defense Defense Time % Phy DF OF
1 Lasse Kukkonen Tim Gleason 60 1 2 2
2 Jaime Sifers Jamie McBain 40 1 2 2
Penalty Kill 4 Players Forward
Center Wing Time % Phy DF OF
1 Rob Schremp Robbie Earl 60 1 2 2
2 Cody McCormick Pierre-Cédric Labrie 40 1 2 2
Penalty Kill 4 Players Defense
Defense Defense Time % Phy DF OF
1 Lasse Kukkonen Tim Gleason 60 1 2 2
2 Jaime Sifers Alexander Sulzer 40 1 2 2
Penalty Kill - 3 Players Forward
Forward Time % Phy DF OF
1 Cody McCormick 60 1 2 2
2 Rob Schremp 40 1 2 2
Penalty Kill - 3 Players Defense
Defense Defense Time % Phy DF OF
1 Lasse Kukkonen Tim Gleason 60 1 2 2
2 Jaime Sifers Alexander Sulzer 40 1 2 2
4 vs 4 Forward
Center Wing Time % Phy DF OF
1 Ryan Carter Martins Karsums 60 1 2 2
2 Rob Schremp Robbie Earl 40 1 2 2
4 vs 4 Defense
Defense Defense Time % Phy DF OF
1 Lasse Kukkonen Tim Gleason 60 1 2 2
2 Jaime Sifers Jamie McBain 40 1 2 2
Last Minutes Offensive
Center Left Wing Right Wing Defense Defense
Ryan Carter Justin Abdelkader Martins Karsums Lasse Kukkonen Tim Gleason
Last Minutes Defensive
Center Left Wing Right Wing Defense Defense
Cody McCormick Justin Abdelkader Martins Karsums Lasse Kukkonen Tim Gleason
Goaltenders
Starting : Alex Stalock
Backup : Brent Krahn
Extra Forwards
Normal : Martins Karsums, Ryan Vesce, Cody McCormick - PP : Martins Karsums, Ryan Vesce - PK : Cody McCormick
Extra Defensemen
Normal : Jamie McBain, Carl Gunnarsson, Jaime Sifers - PP : Jamie McBain - PK : Carl Gunnarsson, Jaime Sifers
Penalty Shots
Rob Schremp, Colton Orr, Martins Karsums, Ryan Carter, Justin Abdelkader
Punishers
5 vs 5 Forward
Center Left Wing Right Wing Time % Phy DF OF
1 Dave Bolland Viktor Stalberg Mike Grier 40 1 1 3
2 Alyn McCauley Kirk Maltby Chris Conner 30 1 2 2
3 Petteri Nokelainen Jimmie Olvestad Adam Pineault 20 1 2 2
4 Ryan White Kris Chucko Mike Blunden 10 1 2 2
5 vs 5 Defense
Defense Defense Time % Phy DF OF
1 Jassen Cullimore Mark Fraser 40 1 2 2
2 Jean-Luc Grand-Pierre Marc-André Bergeron 30 1 2 2
3 Mike Weber Adam McQuaid 20 1 2 2
4 Jassen Cullimore Stu Bickel 10 1 2 2
PowerPlay Forward
Center Left Wing Right Wing Time % Phy DF OF
1 Dave Bolland Viktor Stalberg Mike Grier 60 0 2 3
2 Alyn McCauley Kirk Maltby Chris Conner 40 0 2 3
PowerPlay Defense
Defense Defense Time % Phy DF OF
1 Jassen Cullimore Marc-André Bergeron 60 1 2 2
2 Jean-Luc Grand-Pierre Mark Fraser 40 1 2 2
Penalty Kill 4 Players Forward
Center Wing Time % Phy DF OF
1 Mike Grier Kirk Maltby 60 1 2 2
2 Petteri Nokelainen Alyn McCauley 40 1 2 2
Penalty Kill 4 Players Defense
Defense Defense Time % Phy DF OF
1 Jassen Cullimore Mark Fraser 60 1 2 2
2 Jean-Luc Grand-Pierre Marc-André Bergeron 40 1 2 2
Penalty Kill - 3 Players Forward
Forward Time % Phy DF OF
1 Mike Grier 60 1 2 2
2 Kirk Maltby 40 1 2 2
Penalty Kill - 3 Players Defense
Defense Defense Time % Phy DF OF
1 Jassen Cullimore Mark Fraser 60 1 2 2
2 Jean-Luc Grand-Pierre Mike Weber 40 1 2 2
4 vs 4 Forward
Center Wing Time % Phy DF OF
1 Mike Grier Viktor Stalberg 60 1 2 2
2 Dave Bolland Alyn McCauley 40 1 2 2
4 vs 4 Defense
Defense Defense Time % Phy DF OF
1 Jassen Cullimore Marc-André Bergeron 60 1 2 2
2 Jean-Luc Grand-Pierre Mark Fraser 40 1 2 2
Last Minutes Offensive
Center Left Wing Right Wing Defense Defense
Dave Bolland Viktor Stalberg Mike Grier Jassen Cullimore Marc-André Bergeron
Last Minutes Defensive
Center Left Wing Right Wing Defense Defense
Alyn McCauley Kirk Maltby Mike Grier Jassen Cullimore Mark Fraser
Goaltenders
Starting : Curtis McElhinney
Backup : Karri Ramo
Extra Forwards
Normal : Viktor Stalberg, Adam Pineault, Petteri Nokelainen - PP : Viktor Stalberg, Adam Pineault - PK : Petteri Nokelainen
Extra Defensemen
Normal : Stu Bickel, Adam McQuaid, Jean-Luc Grand-Pierre - PP : Mike Weber - PK : Adam McQuaid, Jean-Luc Grand-Pierre
Penalty Shots
Jimmie Olvestad, Viktor Stalberg, Mike Grier, Chris Conner, Petteri Nokelainen
% Time on Ice - Influenza
Lines # - Real PCT - Wanted PCT - Time Play
Normal Forward
1 - 34% - 40% - 16:42
2 - 27% - 30% - 13:14
3 - 22% - 20% - 10:28
4 - 17% - 10% - 8:15
Normal Defense
1 - 39% - 40% - 18:46
2 - 34% - 30% - 16:33
3 - 24% - 20% - 11:40
4 - 3% - 10% - 1:40
PP Forward
1 - 64% - 60% - 4:45
2 - 36% - 40% - 2:38
PP Defense
1 - 70% - 60% - 5:08
2 - 30% - 40% - 2:15
PK Forward
1 - 93% - 60% - 1:51
2 - 7% - 40% - 0:08
PK Defense
1 - 67% - 60% - 1:20
2 - 33% - 40% - 0:39
PK3 Forward
1 - 0% - 60%
2 - 0% - 40%
PK3 Defense
1 - 0% - 60%
2 - 0% - 40%
44 Forward
1 - 68% - 60% - 1:21
2 - 32% - 40% - 0:38
44 Defense
1 - 100% - 60% - 1:59
2 - 0% - 40% - 0:00
Last Minute Offensive - 0:00
Last Minute Defensive - 0:00
Total
Forward - 60:00
Defense - 60:00
|
% Time on Ice - Punishers
Lines # - Real PCT - Wanted PCT - Time Play
Normal Forward
1 - 33% - 40% - 15:59
2 - 27% - 30% - 12:55
3 - 21% - 20% - 10:07
4 - 20% - 10% - 9:38
Normal Defense
1 - 37% - 40% - 18:06
2 - 29% - 30% - 14:03
3 - 26% - 20% - 12:30
4 - 8% - 10% - 4:00
PP Forward
1 - 59% - 60% - 1:10
2 - 41% - 40% - 0:49
PP Defense
1 - 66% - 60% - 1:18
2 - 34% - 40% - 0:41
PK Forward
1 - 80% - 60% - 5:55
2 - 20% - 40% - 1:28
PK Defense
1 - 67% - 60% - 4:57
2 - 33% - 40% - 2:26
PK3 Forward
1 - 0% - 60%
2 - 0% - 40%
PK3 Defense
1 - 0% - 60%
2 - 0% - 40%
44 Forward
1 - 73% - 60% - 1:27
2 - 27% - 40% - 0:32
44 Defense
1 - 68% - 60% - 1:21
2 - 32% - 40% - 0:38
Last Minute Offensive - 0:00
Last Minute Defensive - 0:00
Total
Forward - 60:00
Defense - 60:00
|
Play by Play
1st period
0:01 of 1st period - Ryan Carter wins face-off versus Dave Bolland in neutral zone.
0:30 of 1st period - Wrist shot by Alyn McCauley.
0:30 of 1st period - Stopped by Alex Stalock with a rebound.
0:34 of 1st period - Snap shot by Alyn McCauley.
0:34 of 1st period - Stopped by Alex Stalock with a rebound.
0:52 of 1st period - Slapshot by Lasse Kukkonen.
0:52 of 1st period - Shot Blocked by Jean-Luc Grand-Pierre.
0:54 of 1st period - Wrist shot by Lasse Kukkonen.
0:54 of 1st period - Shot Misses the Net.
1:27 of 1st period - Viktor Stalberg is hit by Justin Abdelkader.
1:58 of 1st period - Wrist shot by Rob Schremp.
1:58 of 1st period - Shot Misses the Net.
2:00 of 1st period - Snap shot by Robbie Earl.
2:00 of 1st period - Stopped by Curtis McElhinney without a rebound.
2:01 of 1st period - Dave Bolland wins face-off versus Cody McCormick in Punishers zone.
2:47 of 1st period - Slapshot by Petteri Nokelainen.
2:47 of 1st period - Stopped by Alex Stalock without a rebound.
2:48 of 1st period - Alyn McCauley wins face-off versus Rob Schremp in Influenza zone.
2:59 of 1st period - Wrist shot by Chris Conner.
2:59 of 1st period - Stopped by Alex Stalock with a rebound.
3:20 of 1st period - Wrist shot by Ryan Vesce.
3:20 of 1st period - Stopped by Curtis McElhinney with a rebound.
3:22 of 1st period - Slapshot by Lasse Kukkonen.
3:22 of 1st period - Shot Blocked by Adam McQuaid.
3:24 of 1st period - Slapshot by Jamie McBain.
3:24 of 1st period - Stopped by Curtis McElhinney without a rebound.
3:25 of 1st period - Ryan Carter wins face-off versus Ryan White in Punishers zone.
3:26 of 1st period - Wrist shot by Martins Karsums.
3:26 of 1st period - Stopped by Curtis McElhinney with a rebound.
4:26 of 1st period - Wrist shot by Lasse Kukkonen.
4:26 of 1st period - Deflect By Juraj Mikus.
4:26 of 1st period - Stopped by Curtis McElhinney with a rebound.
5:03 of 1st period - Marc-André Bergeron is hit by Justin Abdelkader and loses puck.
5:12 of 1st period - Jean-Luc Grand-Pierre is hit by Jamie McBain and loses puck.
5:32 of 1st period - Snap shot by Alyn McCauley.
5:32 of 1st period - Shot Misses the Net.
5:46 of 1st period - Alexander Sulzer is hit by Mike Weber and loses puck.
5:53 of 1st period - Snap shot by Mike Grier.
5:53 of 1st period - Stopped by Alex Stalock without a rebound.
5:54 of 1st period - Petteri Nokelainen wins face-off versus Ryan Carter in Influenza zone.
6:01 of 1st period - Snap shot by Jimmie Olvestad.
6:01 of 1st period - Shot Blocked by Jaime Sifers.
6:03 of 1st period - Slapshot by Marc-André Bergeron.
6:03 of 1st period - Shot Misses the Net.
6:11 of 1st period - Ryan Carter is hit by Marc-André Bergeron and loses puck.
6:23 of 1st period - Off-side.
6:24 of 1st period - Dave Bolland wins face-off versus Rob Schremp in neutral zone.
7:07 of 1st period - Minor Penalty to Adam Pineault for Holding.
7:07 of 1st period - Minor Penalty to Lasse Kukkonen for Holding Stick.
7:08 of 1st period - Ryan Carter wins face-off versus Mike Grier in neutral zone.
7:13 of 1st period - Snap shot by Ryan Carter.
7:13 of 1st period - Stopped by Curtis McElhinney without a rebound.
7:14 of 1st period - Mike Grier wins face-off versus Ryan Carter in Punishers zone.
7:24 of 1st period - Slapshot by Ryan Carter.
7:24 of 1st period - Shot Misses the Net.
7:26 of 1st period - Snap shot by Martins Karsums.
7:26 of 1st period - Shot Misses the Net.
7:28 of 1st period - Slapshot by Jamie McBain.
7:28 of 1st period - Shot Blocked by Jassen Cullimore.
8:39 of 1st period - Jassen Cullimore is hit by Alexander Sulzer and loses puck.
8:50 of 1st period - Alexander Sulzer is hit by Petteri Nokelainen.
9:05 of 1st period - Marc-André Bergeron is hit by Alexander Sulzer and loses puck.
9:07 of 1st period - Penalty to Adam Pineault is over, Adam Pineault is back on ice.
9:07 of 1st period - Penalty to Lasse Kukkonen is over, Lasse Kukkonen is back on ice.
9:35 of 1st period - Backhand shot by Rob Schremp.
9:35 of 1st period - Stopped by Curtis McElhinney without a rebound.
9:36 of 1st period - Ryan White wins face-off versus Ryan Carter in Punishers zone.
10:00 of 1st period - Icing by Ryan White.
10:01 of 1st period - Cody McCormick wins face-off versus Petteri Nokelainen in Punishers zone.
10:02 of 1st period - Snap shot by Colton Orr.
10:02 of 1st period - Stopped by Curtis McElhinney with a rebound.
10:04 of 1st period - Snap shot by Carl Gunnarsson.
10:04 of 1st period - Deflect By Cody McCormick.
10:04 of 1st period - Goal by Cody McCormick - Influenza : 1 - Punishers : 0.
10:05 of 1st period - Dave Bolland wins face-off versus Ryan Carter in neutral zone.
10:16 of 1st period - Snap shot by Dave Bolland.
10:16 of 1st period - Deflect By Viktor Stalberg.
10:16 of 1st period - Shot Misses the Net.
10:16 of 1st period - Puck is out of play.
10:17 of 1st period - Dave Bolland wins face-off versus Ryan Carter in Influenza zone.
10:18 of 1st period - Wrist shot by Mike Grier.
10:18 of 1st period - Deflect By Dave Bolland.
10:18 of 1st period - Stopped by Alex Stalock with a rebound.
11:11 of 1st period - Snap shot by Colton Orr.
11:11 of 1st period - Stopped by Curtis McElhinney with a rebound.
11:43 of 1st period - Slapshot by Jaime Sifers.
11:43 of 1st period - Shot Blocked by Adam McQuaid.
11:53 of 1st period - Snap shot by Martins Karsums.
11:53 of 1st period - Shot Misses the Net.
11:55 of 1st period - Slapshot by Jaime Sifers.
11:55 of 1st period - Shot Misses the Net.
12:01 of 1st period - Martins Karsums is hit by Kris Chucko and loses puck.
12:06 of 1st period - Wrist shot by Kris Chucko.
12:06 of 1st period - Shot Misses the Net.
12:08 of 1st period - Wrist shot by Kris Chucko.
12:08 of 1st period - Stopped by Alex Stalock with a rebound.
12:10 of 1st period - Slapshot by Adam McQuaid.
12:10 of 1st period - Stopped by Alex Stalock without a rebound.
12:11 of 1st period - Rob Schremp wins face-off versus Dave Bolland in Influenza zone.
12:45 of 1st period - Snap shot by Juraj Mikus.
12:45 of 1st period - Shot Misses the Net.
12:47 of 1st period - Slapshot by Alexander Sulzer.
12:47 of 1st period - Stopped by Curtis McElhinney with a rebound.
12:49 of 1st period - Slapshot by Carl Gunnarsson.
12:49 of 1st period - Shot Blocked by Viktor Stalberg.
13:05 of 1st period - Slapshot by Colton Orr.
13:05 of 1st period - Stopped by Curtis McElhinney with a rebound.
13:21 of 1st period - Wrist shot by Ryan Carter.
13:21 of 1st period - Shot Misses the Net.
13:27 of 1st period - Wrist shot by Ryan Carter.
13:27 of 1st period - Stopped by Curtis McElhinney with a rebound.
14:04 of 1st period - Snap shot by Alyn McCauley.
14:04 of 1st period - Shot Misses the Net.
14:06 of 1st period - Slapshot by Marc-André Bergeron.
14:06 of 1st period - Shot Blocked by Lasse Kukkonen.
14:32 of 1st period - Minor Penalty to Mike Weber for Roughing.
14:33 of 1st period - Martins Karsums wins face-off versus Kirk Maltby in Punishers zone.
15:09 of 1st period - Snap shot by Lasse Kukkonen.
15:09 of 1st period - Shot Blocked by Jean-Luc Grand-Pierre.
16:32 of 1st period - Penalty to Mike Weber is over, Mike Weber is back on ice.
16:42 of 1st period - Snap shot by Cody McCormick.
16:42 of 1st period - Shot Blocked by Jassen Cullimore.
17:04 of 1st period - Carl Gunnarsson is hit by Ryan White and loses puck.
17:43 of 1st period - Kirk Maltby is hit by Colton Orr.
19:29 of 1st period - Ryan Vesce is hit by Adam McQuaid and loses puck.
19:42 of 1st period - Tim Gleason is hit by Alyn McCauley and loses puck.
2nd period
0:01 of 2nd period - Mike Grier wins face-off versus Martins Karsums in neutral zone.
0:04 of 2nd period - Snap shot by Dave Bolland.
0:04 of 2nd period - Goal by Dave Bolland - Influenza : 1 - Punishers : 1.
0:05 of 2nd period - Ryan Carter wins face-off versus Dave Bolland in neutral zone.
0:08 of 2nd period - Snap shot by Lasse Kukkonen.
0:08 of 2nd period - Stopped by Curtis McElhinney with a rebound.
0:18 of 2nd period - Wrist shot by Justin Abdelkader.
0:18 of 2nd period - Stopped by Curtis McElhinney with a rebound.
0:20 of 2nd period - Slapshot by Martins Karsums.
0:20 of 2nd period - Stopped by Curtis McElhinney with a rebound.
0:56 of 2nd period - Adam Pineault is hit by Colton Orr and loses puck.
2:43 of 2nd period - Minor Penalty to Petteri Nokelainen for Hooking.
2:44 of 2nd period - Ryan Carter wins face-off versus Mike Grier in Punishers zone.
2:49 of 2nd period - Slapshot by Ryan Carter.
2:49 of 2nd period - Goal by Ryan Carter - Influenza : 2 - Punishers : 1.
2:50 of 2nd period - Dave Bolland wins face-off versus Ryan Carter in neutral zone.
3:40 of 2nd period - Jaime Sifers is hit by Jean-Luc Grand-Pierre and loses puck.
4:24 of 2nd period - Off-side.
4:25 of 2nd period - Juraj Mikus wins face-off versus Ryan White in neutral zone.
4:27 of 2nd period - Off-side.
4:28 of 2nd period - Viktor Stalberg wins face-off versus Ryan Carter in neutral zone.
4:31 of 2nd period - Wrist shot by Dave Bolland.
4:31 of 2nd period - Shot Blocked by Martins Karsums.
4:35 of 2nd period - Wrist shot by Viktor Stalberg.
4:35 of 2nd period - Shot Misses the Net.
4:37 of 2nd period - Slapshot by Jassen Cullimore.
4:37 of 2nd period - Shot Blocked by Martins Karsums.
4:58 of 2nd period - Icing by Lasse Kukkonen.
4:59 of 2nd period - Dave Bolland wins face-off versus Rob Schremp in Influenza zone.
5:04 of 2nd period - Wrist shot by Viktor Stalberg.
5:04 of 2nd period - Stopped by Alex Stalock without a rebound.
5:05 of 2nd period - Dave Bolland wins face-off versus Ryan Carter in Influenza zone.
5:16 of 2nd period - Tim Gleason is hit by Viktor Stalberg and loses puck.
5:30 of 2nd period - Icing by Jean-Luc Grand-Pierre.
5:31 of 2nd period - Alyn McCauley wins face-off versus Rob Schremp in Punishers zone.
6:02 of 2nd period - Wrist shot by Ryan Vesce.
6:02 of 2nd period - Shot Blocked by Mark Fraser.
6:07 of 2nd period - Off-side.
6:08 of 2nd period - Ryan Carter wins face-off versus Dave Bolland in neutral zone.
6:13 of 2nd period - Jaime Sifers is hit by Mark Fraser and loses puck.
6:18 of 2nd period - Slapshot by Mike Grier.
6:18 of 2nd period - Shot Misses the Net.
6:20 of 2nd period - Slapshot by Jassen Cullimore.
6:20 of 2nd period - Shot Blocked by Justin Abdelkader.
6:22 of 2nd period - Wrist shot by Mike Grier.
6:22 of 2nd period - Stopped by Alex Stalock without a rebound.
6:23 of 2nd period - Ryan Carter wins face-off versus Alyn McCauley in Influenza zone.
6:34 of 2nd period - Slapshot by Lasse Kukkonen.
6:34 of 2nd period - Stopped by Curtis McElhinney with a rebound.
6:36 of 2nd period - Wrist shot by Ryan Carter.
6:36 of 2nd period - Stopped by Curtis McElhinney with a rebound.
6:38 of 2nd period - Wrist shot by Lasse Kukkonen.
6:38 of 2nd period - Shot Misses the Net.
6:48 of 2nd period - Mike Grier is hit by Lasse Kukkonen and loses puck.
6:56 of 2nd period - Off-side.
6:57 of 2nd period - Dave Bolland wins face-off versus Ryan Carter in neutral zone.
6:59 of 2nd period - Off-side.
7:00 of 2nd period - Dave Bolland wins face-off versus Ryan Carter in neutral zone.
7:32 of 2nd period - Wrist shot by Jimmie Olvestad.
7:32 of 2nd period - Stopped by Alex Stalock with a rebound.
7:34 of 2nd period - Slapshot by Jean-Luc Grand-Pierre.
7:34 of 2nd period - Stopped by Alex Stalock with a rebound.
7:36 of 2nd period - Wrist shot by Petteri Nokelainen.
7:36 of 2nd period - Shot Misses the Net.
7:38 of 2nd period - Slapshot by Petteri Nokelainen.
7:38 of 2nd period - Stopped by Alex Stalock with a rebound.
7:58 of 2nd period - Wrist shot by Ryan Vesce.
7:58 of 2nd period - Shot Misses the Net.
8:53 of 2nd period - Wrist shot by Kris Chucko.
8:53 of 2nd period - Shot Blocked by Carl Gunnarsson.
9:07 of 2nd period - Slapshot by Juraj Mikus.
9:07 of 2nd period - Stopped by Curtis McElhinney with a rebound.
9:46 of 2nd period - Slapshot by Jassen Cullimore.
9:46 of 2nd period - Deflect By Ryan White.
9:46 of 2nd period - Goal by Ryan White - Influenza : 2 - Punishers : 2.
9:47 of 2nd period - Ryan Carter wins face-off versus Dave Bolland in neutral zone.
9:50 of 2nd period - Slapshot by Lasse Kukkonen.
9:50 of 2nd period - Stopped by Curtis McElhinney with a rebound.
9:52 of 2nd period - Snap shot by Justin Abdelkader.
9:52 of 2nd period - Shot Blocked by Jean-Luc Grand-Pierre.
9:54 of 2nd period - Snap shot by Ryan Carter.
9:54 of 2nd period - Stopped by Curtis McElhinney without a rebound.
9:55 of 2nd period - Martins Karsums wins face-off versus Dave Bolland in Punishers zone.
10:00 of 2nd period - Snap shot by Justin Abdelkader.
10:00 of 2nd period - Stopped by Curtis McElhinney without a rebound.
10:01 of 2nd period - Dave Bolland wins face-off versus Ryan Carter in Punishers zone.
10:26 of 2nd period - Lasse Kukkonen is hit by Marc-André Bergeron.
10:27 of 2nd period - Minor Penalty to Chris Conner for Hooking.
10:28 of 2nd period - Mike Grier wins face-off versus Ryan Carter in Punishers zone.
10:37 of 2nd period - Slapshot by Lasse Kukkonen.
10:37 of 2nd period - Deflect By Jassen Cullimore.
10:37 of 2nd period - Stopped by Curtis McElhinney without a rebound.
10:38 of 2nd period - Ryan Carter wins face-off versus Mike Grier in Punishers zone.
11:09 of 2nd period - Slapshot by Ryan Vesce.
11:09 of 2nd period - Goal by Ryan Vesce - Influenza : 3 - Punishers : 2.
11:10 of 2nd period - Ryan Carter wins face-off versus Mike Grier in neutral zone.
11:35 of 2nd period - Mark Fraser is hit by Robbie Earl and loses puck.
12:08 of 2nd period - Snap shot by Cody McCormick.
12:08 of 2nd period - Deflect By Pierre-Cédric Labrie.
12:08 of 2nd period - Stopped by Curtis McElhinney without a rebound.
12:09 of 2nd period - Ryan Carter wins face-off versus Dave Bolland in Punishers zone.
12:24 of 2nd period - Wrist shot by Mike Grier.
12:24 of 2nd period - Stopped by Alex Stalock with a rebound.
12:36 of 2nd period - Snap shot by Adam Pineault.
12:36 of 2nd period - Stopped by Alex Stalock without a rebound.
12:37 of 2nd period - Rob Schremp wins face-off versus Petteri Nokelainen in Influenza zone.
12:59 of 2nd period - Icing by Jimmie Olvestad.
13:00 of 2nd period - Cody McCormick wins face-off versus Dave Bolland in Punishers zone.
13:03 of 2nd period - Slapshot by Colton Orr.
13:03 of 2nd period - Shot Misses the Net.
13:26 of 2nd period - Martins Karsums is hit by Jassen Cullimore.
13:32 of 2nd period - Wrist shot by Alyn McCauley.
13:32 of 2nd period - Stopped by Alex Stalock without a rebound.
13:33 of 2nd period - Alyn McCauley wins face-off versus Ryan Carter in Influenza zone.
13:36 of 2nd period - Slapshot by Kirk Maltby.
13:36 of 2nd period - Stopped by Alex Stalock without a rebound.
13:37 of 2nd period - Alyn McCauley wins face-off versus Ryan Carter in Influenza zone.
13:46 of 2nd period - Slapshot by Kirk Maltby.
13:46 of 2nd period - Shot Misses the Net.
14:33 of 2nd period - Slapshot by Jaime Sifers.
14:33 of 2nd period - Stopped by Curtis McElhinney without a rebound.
14:34 of 2nd period - Ryan Carter wins face-off versus Alyn McCauley in Punishers zone.
14:45 of 2nd period - Backhand shot by Justin Abdelkader.
14:45 of 2nd period - Shot Hit the Post.
14:47 of 2nd period - Slapshot by Tim Gleason.
14:47 of 2nd period - Shot Blocked by Jean-Luc Grand-Pierre.
14:49 of 2nd period - Slapshot by Martins Karsums.
14:49 of 2nd period - Stopped by Curtis McElhinney with a rebound.
14:50 of 2nd period - Minor Penalty to Kirk Maltby for Hooking.
14:51 of 2nd period - Ryan Carter wins face-off versus Mike Grier in Punishers zone.
15:00 of 2nd period - Wrist shot by Justin Abdelkader.
15:00 of 2nd period - Stopped by Curtis McElhinney without a rebound.
15:01 of 2nd period - Ryan Carter wins face-off versus Mike Grier in Punishers zone.
15:04 of 2nd period - Snap shot by Martins Karsums.
15:04 of 2nd period - Stopped by Curtis McElhinney with a rebound.
15:06 of 2nd period - Wrist shot by Martins Karsums.
15:06 of 2nd period - Shot Misses the Net.
15:08 of 2nd period - Slapshot by Tim Gleason.
15:08 of 2nd period - Stopped by Curtis McElhinney with a rebound.
15:16 of 2nd period - Wrist shot by Lasse Kukkonen.
15:16 of 2nd period - Shot Blocked by Jassen Cullimore.
15:28 of 2nd period - Wrist shot by Justin Abdelkader.
15:28 of 2nd period - Goal by Justin Abdelkader - Influenza : 4 - Punishers : 2.
15:29 of 2nd period - Ryan Carter wins face-off versus Dave Bolland in neutral zone.
16:54 of 2nd period - Wrist shot by Viktor Stalberg.
16:54 of 2nd period - Stopped by Alex Stalock without a rebound.
16:55 of 2nd period - Ryan Carter wins face-off versus Dave Bolland in Influenza zone.
17:22 of 2nd period - Kirk Maltby is hit by Robbie Earl and loses puck.
17:41 of 2nd period - Wrist shot by Juraj Mikus.
17:41 of 2nd period - Stopped by Curtis McElhinney with a rebound.
17:47 of 2nd period - Snap shot by Juraj Mikus.
17:47 of 2nd period - Shot Blocked by Marc-André Bergeron.
17:49 of 2nd period - Slapshot by Alexander Sulzer.
17:49 of 2nd period - Stopped by Curtis McElhinney without a rebound.
17:50 of 2nd period - Ryan Carter wins face-off versus Dave Bolland in Punishers zone.
18:22 of 2nd period - Wrist shot by Chris Conner.
18:22 of 2nd period - Shot Blocked by Carl Gunnarsson.
18:23 of 2nd period - Minor Penalty to Mike Weber for Hooking.
18:24 of 2nd period - Mike Grier wins face-off versus Ryan Carter in Punishers zone.
19:39 of 2nd period - Ryan Vesce is hit by Alyn McCauley.
3rd period
0:01 of 3rd period - Mike Grier wins face-off versus Ryan Carter in neutral zone.
0:23 of 3rd period - Penalty to Mike Weber is over, Mike Weber is back on ice.
0:31 of 3rd period - Wrist shot by Ryan Carter.
0:31 of 3rd period - Stopped by Curtis McElhinney with a rebound.
0:39 of 3rd period - Snap shot by Mike Grier.
0:39 of 3rd period - Deflect By Mike Weber.
0:39 of 3rd period - Goal by Mike Weber - Influenza : 4 - Punishers : 3.
0:40 of 3rd period - Rob Schremp wins face-off versus Petteri Nokelainen in neutral zone.
0:45 of 3rd period - Snap shot by Rob Schremp.
0:45 of 3rd period - Shot Misses the Net.
0:47 of 3rd period - Slapshot by Lasse Kukkonen.
0:47 of 3rd period - Shot Blocked by Jassen Cullimore.
0:49 of 3rd period - Wrist shot by Rob Schremp.
0:49 of 3rd period - Deflect By Robbie Earl.
0:49 of 3rd period - Shot Misses the Net.
0:49 of 3rd period - Puck is out of play.
0:50 of 3rd period - Rob Schremp wins face-off versus Petteri Nokelainen in Punishers zone.
1:03 of 3rd period - Snap shot by Ryan Vesce.
1:03 of 3rd period - Stopped by Curtis McElhinney without a rebound.
1:04 of 3rd period - Dave Bolland wins face-off versus Ryan Carter in Punishers zone.
2:13 of 3rd period - Minor Penalty to Jimmie Olvestad for Holding Stick.
2:14 of 3rd period - Ryan Carter wins face-off versus Mike Grier in Punishers zone.
2:41 of 3rd period - Robbie Earl is hit by Alyn McCauley.
4:13 of 3rd period - Penalty to Jimmie Olvestad is over, Jimmie Olvestad is back on ice.
4:57 of 3rd period - Alyn McCauley is hit by Pierre-Cédric Labrie and loses puck.
5:18 of 3rd period - Marc-André Bergeron is hit by Corey Tropp and loses puck.
5:29 of 3rd period - Backhand shot by Cody McCormick.
5:29 of 3rd period - Shot Misses the Net.
6:26 of 3rd period - Snap shot by Mike Blunden.
6:26 of 3rd period - Shot Misses the Net.
7:12 of 3rd period - Tim Gleason is hit by Jassen Cullimore and loses puck.
7:45 of 3rd period - Jamie McBain is hit by Ryan White and loses puck.
8:18 of 3rd period - Snap shot by Mike Blunden.
8:18 of 3rd period - Stopped by Alex Stalock with a rebound.
8:24 of 3rd period - Adam McQuaid is hit by Corey Tropp and loses puck.
8:52 of 3rd period - Off-side.
8:53 of 3rd period - Ryan Carter wins face-off versus Dave Bolland in neutral zone.
8:56 of 3rd period - Slapshot by Jamie McBain.
8:56 of 3rd period - Shot Blocked by Jean-Luc Grand-Pierre.
8:58 of 3rd period - Wrist shot by Ryan Carter.
8:58 of 3rd period - Goal by Ryan Carter - Influenza : 5 - Punishers : 3.
8:59 of 3rd period - Dave Bolland wins face-off versus Ryan Carter in neutral zone.
9:01 of 3rd period - Off-side.
9:02 of 3rd period - Dave Bolland wins face-off versus Ryan Carter in neutral zone.
9:09 of 3rd period - Slapshot by Viktor Stalberg.
9:09 of 3rd period - Shot Blocked by Jamie McBain.
9:51 of 3rd period - Slapshot by Adam Pineault.
9:51 of 3rd period - Shot Misses the Net.
9:53 of 3rd period - Slapshot by Mark Fraser.
9:53 of 3rd period - Shot Misses the Net.
9:55 of 3rd period - Snap shot by Jimmie Olvestad.
9:55 of 3rd period - Shot Misses the Net.
9:57 of 3rd period - Snap shot by Adam Pineault.
9:57 of 3rd period - Shot Misses the Net.
10:17 of 3rd period - Wrist shot by Pierre-Cédric Labrie.
10:17 of 3rd period - Stopped by Curtis McElhinney with a rebound.
10:19 of 3rd period - Slapshot by Colton Orr.
10:19 of 3rd period - Shot Misses the Net.
10:43 of 3rd period - Snap shot by Viktor Stalberg.
10:43 of 3rd period - Stopped by Alex Stalock without a rebound.
10:44 of 3rd period - Dave Bolland wins face-off versus Ryan Carter in Influenza zone.
10:45 of 3rd period - Wrist shot by Mike Grier.
10:45 of 3rd period - Stopped by Alex Stalock without a rebound.
10:46 of 3rd period - Ryan Carter wins face-off versus Viktor Stalberg in Influenza zone.
10:50 of 3rd period - Off-side.
10:51 of 3rd period - Ryan Carter wins face-off versus Dave Bolland in neutral zone.
10:54 of 3rd period - Slapshot by Lasse Kukkonen.
10:54 of 3rd period - Shot Blocked by Jassen Cullimore.
10:56 of 3rd period - Snap shot by Justin Abdelkader.
10:56 of 3rd period - Shot Misses the Net.
10:58 of 3rd period - Slapshot by Lasse Kukkonen.
10:58 of 3rd period - Deflect By Martins Karsums.
10:58 of 3rd period - Goal by Martins Karsums - Influenza : 6 - Punishers : 3.
10:59 of 3rd period - Ryan Carter wins face-off versus Dave Bolland in neutral zone.
11:24 of 3rd period - Dave Bolland is hit by Colton Orr and loses puck.
11:35 of 3rd period - Snap shot by Colton Orr.
11:35 of 3rd period - Deflect By Pierre-Cédric Labrie.
11:35 of 3rd period - Shot Misses the Net.
11:35 of 3rd period - Puck is out of play.
11:36 of 3rd period - Alyn McCauley wins face-off versus Ryan Carter in Punishers zone.
11:41 of 3rd period - Snap shot by Marc-André Bergeron.
11:41 of 3rd period - Stopped by Alex Stalock with a rebound.
11:43 of 3rd period - Snap shot by Alyn McCauley.
11:43 of 3rd period - Shot Misses the Net.
11:45 of 3rd period - Slapshot by Chris Conner.
11:45 of 3rd period - Stopped by Alex Stalock with a rebound.
11:47 of 3rd period - Snap shot by Jean-Luc Grand-Pierre.
11:47 of 3rd period - Shot Misses the Net.
11:49 of 3rd period - Slapshot by Marc-André Bergeron.
11:49 of 3rd period - Shot Blocked by Martins Karsums.
11:51 of 3rd period - Wrist shot by Chris Conner.
11:51 of 3rd period - Stopped by Alex Stalock with a rebound.
12:32 of 3rd period - Off-side.
12:33 of 3rd period - Dave Bolland wins face-off versus Ryan Carter in neutral zone.
12:42 of 3rd period - Slapshot by Justin Abdelkader.
12:42 of 3rd period - Shot Misses the Net.
14:04 of 3rd period - Slapshot by Marc-André Bergeron.
14:04 of 3rd period - Stopped by Alex Stalock with a rebound.
14:10 of 3rd period - Snap shot by Martins Karsums.
14:10 of 3rd period - Shot Misses the Net.
14:12 of 3rd period - Wrist shot by Ryan Carter.
14:12 of 3rd period - Shot Misses the Net.
14:22 of 3rd period - Wrist shot by Adam Pineault.
14:22 of 3rd period - Stopped by Alex Stalock with a rebound.
14:24 of 3rd period - Wrist shot by Jimmie Olvestad.
14:24 of 3rd period - Shot Misses the Net.
14:26 of 3rd period - Snap shot by Jean-Luc Grand-Pierre.
14:26 of 3rd period - Deflect By Ryan Vesce.
14:26 of 3rd period - Stopped by Alex Stalock with a rebound.
14:28 of 3rd period - Snap shot by Petteri Nokelainen.
14:28 of 3rd period - Stopped by Alex Stalock without a rebound.
14:29 of 3rd period - Rob Schremp wins face-off versus Dave Bolland in Influenza zone.
14:29 of 3rd period - Rob Schremp is hit by Mike Grier.
14:41 of 3rd period - Wrist shot by Rob Schremp.
14:41 of 3rd period - Stopped by Curtis McElhinney with a rebound.
14:55 of 3rd period - Alexander Sulzer is hit by Jassen Cullimore and loses puck.
15:01 of 3rd period - Off-side.
15:02 of 3rd period - Ryan Carter wins face-off versus Alyn McCauley in neutral zone.
15:15 of 3rd period - Martins Karsums is hit by Kirk Maltby and loses puck.
15:24 of 3rd period - Alyn McCauley is hit by Robbie Earl and loses puck.
15:39 of 3rd period - Kirk Maltby is hit by Ryan Vesce.
15:48 of 3rd period - Minor Penalty to Colton Orr for Tripping.
15:49 of 3rd period - Dave Bolland wins face-off versus Rob Schremp in Influenza zone.
15:50 of 3rd period - Snap shot by Viktor Stalberg.
15:50 of 3rd period - Deflect By Dave Bolland.
15:50 of 3rd period - Deflect By Lasse Kukkonen.
15:50 of 3rd period - Stopped by Alex Stalock without a rebound.
15:51 of 3rd period - Rob Schremp wins face-off versus Dave Bolland in Influenza zone.
16:04 of 3rd period - Slapshot by Dave Bolland.
16:04 of 3rd period - Stopped by Alex Stalock without a rebound.
16:05 of 3rd period - Robbie Earl wins face-off versus Dave Bolland in Influenza zone.
16:05 of 3rd period - Robbie Earl is hit by Mike Grier.
17:48 of 3rd period - Penalty to Colton Orr is over, Colton Orr is back on ice.
17:54 of 3rd period - Carl Gunnarsson is hit by Adam Pineault and loses puck.
18:49 of 3rd period - Wrist shot by Jamie McBain.
18:49 of 3rd period - Shot Misses the Net.
18:59 of 3rd period - Slapshot by Jassen Cullimore.
18:59 of 3rd period - Shot Misses the Net.
19:20 of 3rd period - Mike Weber is hit by Ryan Carter and loses puck.
19:24 of 3rd period - Icing by Mike Weber.
19:25 of 3rd period - Alyn McCauley wins face-off versus Rob Schremp in Punishers zone.
19:25 of 3rd period - Alyn McCauley is hit by Ryan Vesce.
Output by the SimonT Hockey Simulator (STHS) for François Prévost -- Original Page W3C XHTML 1.0 Valid